 Dungeon Crawl Stone Soup version 0.30.1-9-gdf580d7c3d (webtiles) character file.

Game seed: 797299005882480424

5838 growler the Zephyrmancer (level 10, -6/54 HPs)
             Began as a Tengu Air Elementalist on Oct 9, 2023.
             Was a Follower of Hepliaklqana.
             Mangled by a hornet (8 damage)
             ... on level 9 of the Dungeon on Oct 10, 2023.
             The game lasted 00:27:55 (10622 turns).

growler the Zephyrmancer (Tengu Air Elementalist)  Turns: 10622, Time: 00:27:57

Health: -6/54      AC:  4    Str: 13    XL:     10   Next: 80%
Magic:  0/20       EV: 15    Int: 18    God:    Hepliaklqana [*.....]
Gold:   405        SH:  0    Dex: 14    Spells: 11/21 levels left

rFire   . . .        k - +2 dagger (vamp)
rCold   . . .        (no shield)
rNeg    . . .        a - +0 robe
rPois   .            (helmet restricted)
rElec   .            q - +0 cloak
rCorr   .            B - +0 pair of gloves
SInv    .            (boots unavailable)
Will    .....        (no amulet)
Stlth   +++          y - +4 ring of slaying
HPRegen 0.29/turn    (no ring)
MPRegen 0.17/turn

%: no passive effects
@: lethally poisoned (-6 -> -14), flying quickly and evasively, slowed, very
slow
A: reduced essence, beak, talons 3, nimble flight, camouflage 1, strong 1,
MP-powered wands
a: Renounce Religion, Recall Ancestor, Ancestor Identity


You were on level 9 of the Dungeon.
You worshipped Hepliaklqana.
Hepliaklqana was aware of your devotion.
You visited 2 branches of the dungeon, and saw 10 of its levels.

You collected 405 gold pieces.

Inventory:

Hand Weapons
 k - a +2 vampiric dagger (weapon)
 J - a +1 dagger of venom
Armour
 a - a +0 robe (worn)
 q - a +0 cloak (worn)
 B - a +0 pair of gloves (worn)
Jewellery
 d - a ring of flight
 y - a +4 ring of slaying (left hand)
 H - a +4 ring of protection
 I - an amulet of regeneration
 K - the ring "Ocoiptybb" {Will+ rCorr EV+5 Slay+3}
   (You found it on level 9 of the Dungeon)

   [ring of evasion]

   EV:        It affects your evasion (+5).
   Slay:      It affects your accuracy & damage with ranged weapons and melee
   (+3).
   rCorr:     It protects you from acid and corrosion.
   Will:      It increases your willpower.
 M - an amulet of magic regeneration
Wands
 h - a wand of roots (3)
 o - a wand of polymorph (3)
 r - a wand of digging (9)
 w - a wand of flame (29)
 z - a wand of mindburst (16)
Scrolls
 c - 2 scrolls of fog {unknown}
 e - a scroll of blinking {unknown}
 g - 2 scrolls of acquirement {unknown}
 i - a scroll of magic mapping
 j - 9 scrolls of identify
 l - 3 scrolls of immolation {unknown}
 m - a scroll of amnesia
 n - 2 scrolls of poison {unknown}
 s - 3 scrolls of enchant weapon {unknown}
 C - 6 scrolls of teleportation {unknown}
 E - a scroll of brand weapon {unknown}
 G - 2 scrolls of vulnerability {unknown}
Potions
 b - a potion of magic
 f - 3 potions of flight
 p - a potion of attraction
 t - a potion of mutation
 u - a potion of curing {unknown}
 v - a potion of resistance
 x - a potion of cancellation
 A - a potion of haste {unknown}
 D - a potion of brilliance {unknown}
 F - a potion of heal wounds
 L - a potion of might


   Skills:
 + Level 6.6 Fighting
 + Level 7.3 Short Blades
 - Level 3.5 Dodging
 - Level 3.4 Stealth
 - Level 6.0 Spellcasting
 - Level 6.0 Conjurations
 + Level 12.7 Air Magic


You had 11 spell levels left.
You knew the following spells:

 Your Spells              Type           Power      Damage    Failure   Level
a - Shock                 Conj/Air       100%       1d9       1%          1
b - Static Discharge      Conj/Air       78%        2-6/arc   1%          2
c - Swiftness             Air            50%        N/A       1%          3
d - Airstrike             Air            25%        2d(4-20)  1%          4

Your spell library contained the following spells:

 Spells                   Type           Power      Damage    Failure   Level
 Sublimation of Blood     Necr           5%         N/A       19%         2
 Wereblood                Tmut           5%         N/A       19%         2
 Summon Guardian Golem    Hex/Summ       5%         N/A       34%         3
 Orb of Destruction       Conj           13%        9d7       100%        7
 Spellforged Servitor     Conj/Summ      8%         N/A       100%        7
 Summon Hydra             Summ           2%         N/A       100%        7


Dungeon Overview and Level Annotations

Branches:
Dungeon (9/15)             Temple (1/1) D:6            Lair (0/5) D:8
    Orc: D:9-12

Altars:
Ashenzari
Cheibriados
Dithmenos
Elyvilon
Fedhas
Gozag
Hepliaklqana
Kikubaaqudgha
Makhleb
Nemelex Xobeh
Okawaru
Qazlal
Ru
Sif Muna
Trog
Uskayaw
Vehumet
Wu Jian
Xom
Yredelemnul
The Shining One


Innate Abilities, Weirdness & Mutations

Your life essence is reduced to manifest your ancestor. (-10% HP)
You have a beak for a mouth.
You have claws for feet.
Your magical nature lets you fly swiftly and evasively.
Your skin changes colour to match your surroundings (Stealth+).
Your muscles are strong. (Str +4, Int/Dex -1)
You expend magic power (3 MP) to strengthen your wands.


Message History

The hornet closely misses you.
Unknown command.
Casting: Airstrike (dangerous; 1% risk of failure)
Confirm with . or Enter, or press ? or * to list all spells.
The hornet is struck by an arc of lightning!
The hornet is severely wounded.
You are struck by an arc of lightning.
The lightning grounds out.
You feel very sick. The hornet closely misses you. The hornet stings you!
You feel as though you will be slow longer.
It was a potion of cancellation.
Your magical effects are unravelling.
You feel magically purged.
You feel yourself speed up.
* * * LOW HITPOINT WARNING * * *
You feel very sick. The hornet completely misses you. The hornet stings you!
* * * LOW HITPOINT WARNING * * *
You feel yourself slow down.
You feel much better.
You feel very sick. The hornet misses you. The hornet barely misses you.
The hornet stings you.
You are more poisoned.
You feel as though you will be slow longer.
It was a potion of mutation.
You feel extremely strange.
You feel your magical essence link to the dungeon's wands.
You feel stronger.
Your skin functions as natural camouflage.
* * * LOW HITPOINT WARNING * * *
You feel very sick.
The hornet stings you but does no damage.
The hornet completely misses you.
Reggie B. is recalled.
* * * LOW HITPOINT WARNING * * *
You feel very sick. The hornet stings you!
* * * LOW HITPOINT WARNING * * *
You feel as though you will be slow longer.
The hornet stings you!
You die...

#..##. ###.### #
#..## #.....#
#..##.##...>.###
#..##..........#
####.....###
#.....#
###.#########
##..........#
#R@y.........
#.....#######
#.....##
##..)..######.
#.............
#..#..#†#####.
#..#..#...
#..#..#.#...
...#..#.#._.#


You could see the friendly Reggie B. the ancestor and a hornet.

Vanquished Creatures
  Pikel (D:4)
  Maggie (D:7)
  A komodo dragon (D:8)
  A hornet (D:4)
  Grinder (D:3)
  Sigmund (D:2)
  A wyvern (D:9)
  4 yaks (D:8)
  An acid dragon (D:8)
  Duvessa (D:5)
  A water moccasin (D:7)
  A sky beast (D:8)
  An orc warrior (D:8)
  4 black bears
  4 centaurs
  A kobold brigand (D:9)
  Blork the orc (D:4)
  3 bullfrogs
  8 wights
  Dowan (D:5)
  5 killer bees (D:8)
  2 vampire bats (D:7)
  4 howler monkeys
  2 jellies
  A hound (D:4)
  Crazy Yiuf (D:3)
  A gnoll bouda (D:7)
  5 orc priests
  Ijyb (D:4)
  3 iguanas
  9 orc wizards
  11 gnolls
  8 adders
  2 shadow imps
  2 white imps
  An ufetubus (D:4)
  A worm (D:4)
  A dart slug (D:3)
  30 orcs
  4 bat skeletons (D:7)
  A bat zombie (D:7)
  6 endoplasms
  8 giant cockroaches
  4 goblins
  4 hobgoblins
  16 kobolds
  6 quokkas
  11 ball pythons
  11 bats
  4 frilled lizards
  6 rats
209 creatures vanquished.

Vanquished Creatures (collateral kills)
  A sky beast (D:7)
  2 bullfrogs (D:8)
  A gnoll (D:8)
  A bat skeleton (D:7)
5 creatures vanquished.

Vanquished Creatures (others)
  6 ancestors
6 creatures vanquished.

Grand Total: 220 creatures vanquished

Notes
Turn   | Place    | Note
-------+----------+-------------------------------------------
     0 | D:1      | growler the Tengu Air Elementalist began the quest for the
                  | Orb.
     0 | D:1      | Reached XP level 1. HP: 10/10 MP: 4/4
   271 | D:1      | Reached XP level 2. HP: 15/15 MP: 3/6
   365 | D:1      | Learned a level 2 spell: Static Discharge
   783 | D:1      | Reached XP level 3. HP: 19/19 MP: 5/7
  1043 | D:2      | Found a sacrificial altar of Ru.
  1053 | D:2      | Learned a level 3 spell: Swiftness
  1190 | D:2      | Noticed Sigmund
  1276 | D:2      | Killed Sigmund
  1277 | D:2      | Reached skill level 5 in Air Magic
  1277 | D:2      | Reached XP level 4. HP: 12/24 MP: 0/9
  1277 | D:2      | Gained mutation: Your magical nature lets you fly swiftly
                  | and evasively. [Tengu growth]
  1277 | D:2      | Reached XP level 5. HP: 14/28 MP: 0/10
  1286 | D:2      | Learned a level 4 spell: Airstrike
  1628 | D:2      | Reached XP level 6. HP: 32/32 MP: 5/11
  2232 | D:3      | Noticed Grinder
  2234 | D:3      | Paralysed by Grinder for 5 turns
  2353 | D:3      | Killed Grinder
  2354 | D:3      | Reached skill level 6 in Air Magic
  2354 | D:3      | Reached XP level 7. HP: 36/36 MP: 0/13
  2496 | D:3      | Found a broken altar of Ashenzari.
  3036 | D:3      | Found a runed translucent door.
  3037 | D:3      | Noticed Crazy Yiuf
  3042 | D:3      | Killed Crazy Yiuf
  3043 | D:3      | Reached skill level 5 in Conjurations
  3282 | D:4      | Noticed Pikel
  3456 | D:4      | Noticed a hornet
  3465 | D:4      | Killed a hornet
  3659 | D:4      | Noticed Ijyb
  3664 | D:4      | Killed Ijyb
  3665 | D:4      | Reached skill level 7 in Air Magic
  3780 | D:4      | Noticed Blork the orc
  3787 | D:4      | Killed Blork the orc
  3788 | D:4      | Reached XP level 8. HP: 34/41 MP: 7/15
  4269 | D:4      | Killed Pikel
  4270 | D:4      | Reached skill level 5 in Spellcasting
  4270 | D:4      | Reached skill level 9 in Air Magic
  4960 | D:5      | Entered Level 5 of the Dungeon
  5113 | D:5      | Reached skill level 1 in Fighting
  5113 | D:5      | Reached skill level 1 in Short Blades
  5118 | D:5      | Reached XP level 9. HP: 47/47 MP: 3/19
  5258 | D:5      | Noticed Duvessa
  5260 | D:5      | Noticed Dowan
  5266 | D:5      | Killed Duvessa
  5268 | D:5      | Killed Dowan
  5283 | D:5      | Reached skill level 10 in Air Magic
  6324 | D:5      | Found a sparkling altar of Nemelex Xobeh.
  6328 | D:5      | Found a radiant altar of Vehumet.
  6331 | D:5      | Found a stormy altar of Qazlal.
  6391 | D:6      | Found a bloodstained altar of Trog.
  6614 | D:6      | Found a staircase to the Ecumenical Temple.
  6628 | Temple   | Entered the Ecumenical Temple
  6635 | Temple   | Became a worshipper of Hepliaklqana the Forgotten
  7102 | D:6      | Reached * piety under Hepliaklqana
  7273 | D:7      | Found a hide-covered altar of Uskayaw.
  7396 | D:7      | Noticed Maggie
  7432 | D:7      | Killed Maggie
  7433 | D:7      | Reached skill level 11 in Air Magic
  7752 | D:7      | Found an ancient bone altar of Kikubaaqudgha.
  7911 | D:7      | Reached skill level 5 in Short Blades
  8005 | D:7      | Reached XP level 10. HP: 52/52 MP: 14/20
  8119 | D:7      | Reached skill level 5 in Fighting
  8597 | D:8      | HP: 2/53 [komodo dragon (29)]
  8867 | D:8      | Found a blossoming altar of Fedhas.
  8867 | D:8      | Found a snail-covered altar of Cheibriados.
  8930 | D:8      | Reached skill level 12 in Air Magic
 10208 | D:8      | Found a staircase to the Lair.
 10392 | D:9      | Found an iron altar of Okawaru.
 10422 | D:9      | Identified the ring "Ocoiptybb" {Will+ rCorr EV+5 Slay+3}
 10594 | D:9      | Found a burning altar of Makhleb.
 10621 | D:9      | Gained mutation: You expend magic power (3 MP) to
                  | strengthen your wands. [potion of mutation]
 10621 | D:9      | Gained mutation: Your muscles are strong. (Str +4, Int/Dex
                  | -1) [potion of mutation]
 10621 | D:9      | Gained mutation: Your skin changes colour to match your
                  | surroundings (Stealth+). [potion of mutation]
 10622 | D:9      | HP: 2/54 [hornet (8)]
 10622 | D:9      | Mangled by a hornet

Illustrated notes

Levels and vault maps discovered:
D:1:      moated_graveyard_arrival, layout_basic, minmay_worlds_worst_comb
D:2:      layout_basic, basic_altar, minmay_tall_x, uniq_sigmund
D:3:      layout_loops_ring, overflow_temple_1_default, uniq_grinder,
          uniq_crazy_yiuf_cottage
D:4:      layout_cave_pods, uniq_ijyb, uniq_blork_the_orc, uniq_pikel
D:5:      layout_basic, grunt_temple_overflow_diamond, uniq_duvessa
D:6:      nicolae_cairo_tiling_large_dashed, layout_gridville,
          mainiacjoe_overflow_small_starburst, minmay_temple_entry_glassed_door
D:7:      layout_basic, kennysheep_vampire_church, mainiacjoe_overflow_catwalk,
          uniq_maggie
D:8:      layout_basic, gammafunk_temple_overflow_pools,
          grunt_lair_entry_orc_guard_hut, lightli_corner_chamber
D:9:      due_megacathedral, layout_loops_ring, okawaru_trees_2,
          mainiacjoe_overflow_cross_hatched,
          kennysheep_orc_monster_closet_entryway
Temple:   hellmonk_temple_micro_hex

Skill      XL: |  1  2  3  4  5  6  7  8  9 10 |
---------------+-------------------------------+-----
Conjurations   | 2 3 4 6 |  6.0
Dodging        | 3 |  3.5
Stealth        | 3 |  3.4
Spellcasting   | 3 4 6 |  6.0
Air Magic      | 5 6 7 9 11 12 | 12.7
Fighting       | 1 4 6 |  6.6
Short Blades   | 1 5 7 |  7.3

Action                     |  1- 3 |  4- 6 |  7- 9 | 10-12 || total
---------------------------+-------+-------+-------+-------++-------
  Melee: Unarmed           |    18 |       |       |       ||    18
         Peck              |     3 |       |     5 |    12 ||    20
         Kick              |     2 |       |     9 |    16 ||    27
         Dagger            |       |       |    37 |    52 ||    89
   Cast: Shock             |    60 |    64 |   242 |    79 ||   445
         Static Discharge  |     1 |       |    22 |    37 ||    60
         Airstrike         |       |     3 |    21 |    20 ||    44
 Invoke: Recall Ancestor   |       |       |     2 |     2 ||     4
         Ancestor Identity |       |       |     1 |       ||     1
  Evoke: Wand              |       |       |     1 |       ||     1
    Use: Scroll            |       |       |     3 |       ||     3
         Potion            |       |       |     2 |     4 ||     6
 Armour: Robe              |     1 |       |     8 |     8 ||    17
         Skin              |       |       |     4 |       ||     4
  Dodge: Dodged            |    18 |     8 |    43 |    73 ||   142
